 Dungeon Crawl Stone Soup version 0.30-a0-313-gae38170b09 (webtiles) character file.

Game seed: 9086849799043537934

202 MTVSty1e the Chopper (level 5, -2/48 HPs)
             Began as a Minotaur Fighter on Oct 26, 2022.
             Slain by Menkaure (5 damage)
             ... on level 4 of the Dungeon.
             The game lasted 00:02:06 (2413 turns).

MTVSty1e the Chopper (Minotaur Fighter)             Turns: 2413, Time: 00:02:07

Health: -2/48      AC:  6    Str: 22    XL:     5   Next: 50%
Magic:  4/4        EV:  9    Int:  5    God:
Gold:   179        SH:  4    Dex: 10    Spells: 4/4 levels left

rFire   . . .      SeeInvis .    a - +0 war axe
rCold   . . .      Faith    .    c - +0 buckler
rNeg    . . .      Spirit   .    b - +0 scale mail
rPois   +          Reflect  .    (helmet restricted)
rElec   .          Harm     .    (no cloak)
rCorr   .          Rampage  .    (no gloves)
Will    .....                    (no boots)
Stlth   ..........               (no amulet)
HPRegen 0.28/turn                s - ring of poison resistance
MPRegen 0.09/turn                (no ring)

@: mighty
A: horns 2, retaliatory headbutt
a: no special abilities


You were on level 4 of the Dungeon.
You visited 1 branch of the dungeon, and saw 4 of its levels.

You collected 179 gold pieces.

Inventory:

Hand Weapons
 a - a +0 war axe (weapon)
Armour
 b - a +0 scale mail (worn)
 c - a +0 buckler (worn)
Jewellery
 s - a ring of poison resistance (left hand)
Wands
 w - a wand of paralysis (12)
Scrolls
 e - a scroll of summoning {unknown}
 f - 4 scrolls of teleportation {unknown}
 i - 3 scrolls of identify {unknown}
 j - 3 scrolls of butterflies {unknown}
 l - a scroll of poison {unknown}
 o - 2 scrolls of acquirement {unknown}
 r - a scroll of enchant weapon {unknown}
 t - a scroll of fear {unknown}
 u - a scroll of silence {unknown}
Potions
 g - a potion of attraction {unknown}
 h - 3 potions of degeneration {unknown}
 k - 2 potions of curing {unknown}
 m - a potion of invisibility {unknown}
 n - 2 potions of flight {unknown}
 p - a potion of cancellation {unknown}
 q - a potion of resistance {unknown}
 v - 2 potions of heal wounds {unknown}


   Skills:
 + Level 5.2 Fighting
 * Level 5.9 Axes
 - Level 3.6 Armour
 - Level 3.6 Shields


You had 4 spell levels left.
You didn't know any spells.
Your spell library contained the following spells:

 Spells                   Type           Power      Damage    Failure   Level
 Sandblast                Erth           0%         2d4       88%         1
 Blink                    Tloc           0%         N/A       95%         2
 Momentum Strike          Conj/Tloc      0%         3d8       95%         2
 Passwall                 Tmut/Erth      0%         N/A       95%         2
 Lesser Beckoning         Tloc           0%         N/A       99%         3
 Stone Arrow              Conj/Erth      0%         3d7       99%         3


Dungeon Overview and Level Annotations

Branches:
Dungeon (4/15)
 Temple: D:4-7

Altars:
Ashenzari
Ru
Uskayaw

Annotations:
D:4 Menkaure


Innate Abilities, Weirdness & Mutations

You have a pair of horns on your head.
You reflexively headbutt those who attack you in melee.


Message History

The giant cockroach bites you but does no damage. x2
You hit the giant cockroach. You headbutt the giant cockroach.
You kill the giant cockroach!
No target in view!
A giant cockroach comes into view.
Found a ring of poison resistance.
A giant cockroach is nearby!
Found 12 gold pieces.
A giant cockroach is nearby!
You barely miss the giant cockroach.
Your headbutt misses the giant cockroach.
You block the giant cockroach's attack.
You closely miss the giant cockroach. The giant cockroach bites you.
You block the giant cockroach's attack.
You closely miss the giant cockroach.
The giant cockroach bites you but does no damage.
You slash the giant cockroach!
You kill the giant cockroach!
There is a broken altar of Ashenzari here.
You see here a giant cockroach corpse.
You now have 179 gold pieces (gained 12).
j - 3 scrolls labelled ZENLYO VAKUZXEN (gained 1) Menkaure, Prince of Dust comes into view.
Menkaure shouts!
Unknown command.
s - a ring of poison resistance (left hand) Menkaure calls on the powers of darkness!
Your body is wracked with pain!
Menkaure casts a spell at you. Pain shoots through your body!
* * * LOW HITPOINT WARNING * * *
Sorry, you're not good enough to have a special ability.
You feel very mighty all of a sudden. Menkaure casts a spell at you.
Pain shoots through your body!
* * * LOW HITPOINT WARNING * * *
You slash Menkaure!
Menkaure is severely damaged.
Menkaure hits you.
You die...

. ..=........#....#
.####[......#####.#
#...#.......#.....#
#...+..._...+.....#
#...#.......#...#.#
#...#.......#####.#
...#†........#....#
#..#⌠.##+##.⌠#...##
#..##....#.#...@#
#....#...#....#M#
####..#......###.#
# ##.##+#... #.# #
#........ #.# #
#.....#.. #.# #
###....## #.#
###.>...### #.#
##...........


You could see Menkaure.

Vanquished Creatures
  2 orc priests (D:4)
  An orc wizard (D:4)
  3 gnolls (D:2)
  3 adders (D:2)
  3 dart slugs (D:1)
  5 orcs
  6 endoplasms
  3 giant cockroaches
  5 goblins
  A quokka (D:1)
  4 ball pythons
  4 bats
  2 frilled lizards
  12 kobolds
  4 rats
58 creatures vanquished.

Notes
Turn   | Place    | Note
-------+----------+-------------------------------------------
     0 | D:1      | MTVSty1e the Minotaur Fighter began the quest for the Orb.
     0 | D:1      | Reached XP level 1. HP: 19/19 MP: 0/0
   112 | D:1      | Reached XP level 2. HP: 27/27 MP: 1/1
   599 | D:2      | Reached XP level 3. HP: 25/33 MP: 2/2
   853 | D:2      | Reached XP level 4. HP: 41/41 MP: 3/3
  1642 | D:3      | Reached skill level 5 in Axes
  1666 | D:3      | Found a sacrificial altar of Ru.
  2012 | D:3      | Found a faded altar of an unknown god.
  2179 | D:4      | Noticed a +0 dagger
  2179 | D:4      | Noticed a +0 dagger
  2183 | D:4      | Found a hide-covered altar of Uskayaw.
  2202 | D:4      | Reached XP level 5. HP: 22/47 MP: 4/4
  2253 | D:4      | Reached skill level 5 in Fighting
  2371 | D:4      | Found a broken altar of Ashenzari.
  2406 | D:4      | Noticed Menkaure
  2413 | D:4      | Slain by Menkaure

Illustrated notes

Levels and vault maps discovered:
D:1:      dpeg_arrival_stonehenge_12_columns, layout_basic
D:2:      layout_loops_ring, grunt_ministairs_10
D:3:      layout_loops_cross, nicolae_ru_path_of_blood,
          nicolae_ecumenical_pavilion, minmay_misc_feat_cross, chequers_jeans,
          kennysheep_flooded_box, chequers_serial_rivers_marsh, minmay_ruptured
D:4:      layout_loops_ring, dancing_weapons_uskayaw, evilmike_ruin_ashenzari,
          nzn_wu_jian_council_hall, nicolae_take_the_stairs, uniq_menkaure

Skill      XL: |  1  2  3  4  5 |
---------------+----------------+-----
Axes           | 3 4 5 |  5.9
Fighting       | 4 5 |  5.2
Armour         | |  3.6
Shields        | |  3.6

Action                   |  1- 3 |  4- 6 || total
-------------------------+-------+-------++-------
Melee: War axe           |    50 |    55 ||   105
       Headbutt          |     6 |     8 ||    14
  Use: Potion            |       |     1 ||     1
Armor: Scale mail        |    19 |    20 ||    39
Dodge: Dodged            |    27 |    10 ||    37
Block: Buckler           |     8 |    16 ||    24

Table legend: (Time is in decaauts)
 A = Elapsed time spent in this place.
 B = Non-inter-level travel time spent in this place.
 C = Inter-level travel time spent in this place.
 D = Time resting spent in this place.
 E = Time spent auto-exploring this place.
 F = Levels seen in this place.
 G = Mean time per level.
                   A        B        C        D        E       F      G
               +--------+--------+--------+--------+--------+-----+--------+
         Total |   2446 |   2354 |     92 |    198 |   1833 |   4 |  611.5 |
       Dungeon |   2446 |   2354 |     92 |    198 |   1833 |   4 |  611.5 |
               +--------+--------+--------+--------+--------+-----+--------+

Top non-repeatable levels by time:
     D:2: 866 daAuts
     D:3: 743 daAuts
     D:1: 598 daAuts
     D:4: 238 daAuts
